[Event "Meesterklasse 2014-2015"]
[Site "?"]
[Date "2014.11.01"]
[Round "2.1"]
[White "Tereick, Benjamin"]
[Black "Ris, Robert"]
[Result "1/2-1/2"]
[ECO "A09"]
[WhiteElo "2422"]
[BlackElo "2425"]
[PlyCount "79"]
[EventDate "2014.??.??"]
[EventCountry "NED"]
[WhiteTeam "Voerendaal X"]
[BlackTeam "BSG II"]
[WhiteTeamCountry "NED"]
[BlackTeamCountry "NED"]
[TimeControl "40/300:40/300:40/300"]

{564MB, Rybka4Gen.ctg, Edwin-HP} 1. Nf3 d5 2. c4 d4 3. g3 g6 4. b4 Bg7 5. d3 e5
6. Nbd2 Ne7 7. Bg2 O-O 8. Nb3 Re8 9. O-O c6 10. a4 Nd7 11. a5 Qc7 12. Ra2 Rb8
13. e3 dxe3 14. fxe3 Nf8 15. Raf2 Ne6 16. Qc2 Bd7 17. d4 exd4 18. exd4 Nf5 19.
Qd3 Rbd8 20. g4 Nfxd4 21. Nfxd4 Nxd4 22. Nxd4 Bxg4 23. Bb2 Qd7 24. Rxf7 Bxd4+ 25. Qxd4 Qxd4+ 26. Bxd4
Rxd4 27. Rxb7 Rxc4 28. b5 Rc5 29. Bxc6 Rd8 30. Rxa7 Be2 31. Rff7 Bxb5 32. Rg7+
Kh8 33. Rxh7+ Kg8 34. Rag7+ Kf8 35. Rf7+ Kg8 36. Rhg7+ Kh8 37. Rh7+ Kg8 38.
Rfg7+ Kf8 39. Rf7+ Kg8 40. Rfg7+ 1/2-1/2